[Event "25th Nepal Championship 2025"]
[Site "Hetauda"]
[Date "2025.01.30"]
[Round "8.3"]
[White "Bhandari, Kshitiz"]
[Black "Thapa, Binay"]
[Result "1-0"]
[Annotator "RC"]
[ECO "D11"]
[WhiteElo "2070"]
[BlackElo "1688"]
[PlyCount "81"]
[EventDate "2025.01.24"]
[EventType "tourn"]
[EventCountry "NEP"]
[SourceTitle "playchess.com"]
[Source "ChessBase"]
[SourceQuality "1"]
[TimeControl "5400+30"]

1. d4 d5 2. c4 c6 3. e3 Nf6 4. Nf3 Bg4 5. Nc3 e6 6. cxd5 exd5 7. Be2 Bd6 8. Qc2 Qe7 9. Nh4 Bxe2 10. Nf5 Qf8 11. Qxe2 Bb4 12. O-O g6 13. Ng3 Qg7 14. a3 Ba5 15. e4 O-O 16. e5 Ne8 17. f4 f5 18. Qf3 Nc7 19. b4 Bb6 20. Be3 Ne6 21. Nge2 a6 22. Kh1 Nd7 23. a4 Ba7 24. a5 Kh8 25. Qh3 Rf7 26. Na4 Rg8 27. Rab1 Qf8 28. Nc5 Ndxc5 29. bxc5 Qd8 30. Bd2 Qc8 31. Rb3 Bxc5 32. dxc5 Nxc5 33. e6 Qxe6 34. Bc3+ Rgg7 35. Rb2 Ne4 36. Bxg7+ Rxg7 37. Qh4 Qf6 38. Qxf6 Nxf6 39. Nd4 b6 40. axb6 c5 41. Ne6 1-0

[Event "25th Nepal Championship 2025"]
[Site "Hetauda"]
[Date "2025.01.30"]
[Round "8.4"]
[White "Subedi, Rajan"]
[Black "Phuyal, Aashish"]
[Result "0-1"]
[Annotator "TA"]
[ECO "D00"]
[WhiteElo "1982"]
[BlackElo "1981"]
[PlyCount "105"]
[EventDate "2025.01.24"]
[EventType "tourn"]
[EventCountry "NEP"]
[SourceTitle "playchess.com"]
[Source "ChessBase"]
[SourceQuality "1"]
[TimeControl "5400+30"]

1. d4 Nf6 2. Nc3 d5 3. Bf4 e6 4. Nb5 Na6 5. e3 Be7 6. g4 {[%emt 0:01:53] D00: 1 d4 d5: Unusual lines.} O-O 7. Bd3 (7. g5 $5 Ne4 8. h4 $11) 7... c6 8. Nc3 {[%emt 0:00:46] The position is equal.} Nb4 9. g5 Nxd3+ 10. cxd3 Nd7 11. Nf3 Qe8 $146 (11... c5 12. dxc5 Nxc5 13. b4 Nd7 14. a3 d4 15. Ne4 dxe3 16. fxe3 a5 17. Qc1 e5 {0-1 Jonsson,G (2036)-Pham,K (2244) Hilversum op 2022 (3)}) 12. h4 f6 13. Qe2 Qh5 (13... a5 $11) 14. O-O-O e5 15. dxe5 (15. gxf6 $14 exf4 16. fxe7) 15... fxe5 $11 16. Nxe5 Qxe2 17. Nxe2 Nxe5 18. Bxe5 Rxf2 19. Nf4 Bf5 20. Rdf1 Rxf1+ 21. Rxf1 Rf8 22. Kd2 Bb4+ 23. Bc3 Be7 24. a3 Bd7 25. Rf2 Bd6 26. Ke1 c5 27. Nh5 (27. Nxd5 Bg3 28. Nf4 (28. Ne7+ $2 Kh8 $19) 28... Bxh4 $19 (28... Bxf2+ 29. Kxf2 Rf7 30. Ke1 $15)) 27... Rxf2 28. Kxf2 $15 {[%emt 0:00:07][%mdl 4096] Endgame KBB-KBN} Bf8 29. Be5 Bc6 30. d4 ({Better is} 30. Nf4 $11) 30... c4 $1 31. Nf4 Kf7 (31... c3 $1 $15 32. bxc3 Bxa3) 32. e4 $11 dxe4 {[%emt 0:00:49][%cal Oc4c3] White should prevent ...c3!.} 33. Ke3 Ba4 34. Kxe4 (34. d5 $5) 34... Bc2+ 35. Kd5 Bb3 {[%emt 0:01:19] ...c3+ is the strong threat.} 36. Ke4 b5 (36... c3 $11 37. bxc3 Bc2+ 38. Ke3 Bxa3) 37. d5 $14 b4 38. axb4 Bxb4 39. d6 a5 40. h5 Bd2 ({Black should play} 40... Ke8 $14) 41. g6+ $16 hxg6 42. hxg6+ Ke8 {[%emt 0:00:10] [#]} 43. Ne6 $1 (43. Bxg7 Bc2+ 44. Kf3 Bxf4 45. Kxf4 Kd7 $14 (45... Bxg6 46. Bc3 $14)) 43... c3 $2 {[%emt 0:01:05][%mdl 8192] [#] This costs Black the game.} (43... Bb4 $16) 44. d7+ $1 $18 (44. Nxg7+ Kd7 45. Kd3 (45. bxc3 Bc2+ 46. Kd5 Bxg6 $15) 45... Bc4+ (45... cxb2 46. Bxb2 Bb4 47. Nf5 $15) 46. Kc2 (46. Kxc4 $2 c2 $19) 46... cxb2 $11) 44... Kxd7 45. Nc5+ (45. Nxg7 $2 c2 46. Bc3 c1=Q $19 (46... c1=R $2 47. Bxd2 Rc4+ 48. Ke3 $19)) 45... Ke7 46. Nxb3 a4 47. Na1 ({Worse is} 47. Bxc3 Bxc3 (47... axb3 $2 {is the wrong capture.} 48. Bxd2 Kf6 49. Bc3+ Kxg6 50. Kd5 $18) 48. Nc5 Bxb2 49. Nxa4 Ba1 $11) 47... cxb2 48. Bxb2 a3 49. Bxg7 {[%emt 0:00:18] aiming for Nb3.} Bc1 50. Be5 {[%emt 0:01:23] White threatens Kf5 and mate.} Bb2 51. Kf5 (51. Nb3 $142 Ke6 52. Nd4+ Ke7 53. Nc6+ Ke8 54. g7 Kf7 55. Ne7 Kxe7 56. g8=Q (56. g8=R Bc1 $18)) 51... Kf8 52. Nb3 Kg8 53. Bxb2 {[%emt 0:00:15][%mdl 32768] Weighted Error Value: White=0.25 (precise) /Black=0.71 Loss on time!?  Loses game:     	---       	Black=1      Mistake:       	White=2     	Black=4      Inaccurate:     	White=3     	Black=3      OK:         	White=11    	Black=15     Best:        	White=4     	Black=4      Strong:       	White=2     	Black=1} 0-1

[Event "25th Nepal Championship 2025"]
[Site "Hetauda"]
[Date "2025.01.30"]
[Round "8.5"]
[White "Rai, Dhiren"]
[Black "Rajbhandari, Rijendra"]
[Result "0-1"]
[Annotator "TA"]
[ECO "B13"]
[WhiteElo "1878"]
[BlackElo "2016"]
[PlyCount "70"]
[EventDate "2025.01.24"]
[EventType "tourn"]
[EventCountry "NEP"]
[SourceTitle "playchess.com"]
[Source "ChessBase"]
[SourceQuality "1"]
[TimeControl "5400+30"]

1. e4 c6 2. Nf3 d5 3. exd5 cxd5 4. d4 Nc6 5. Bd3 Qc7 6. O-O Bg4 7. c3 Nf6 {[%emt 0:00:10] B13: Caro-Kann: Exchange Variation and Panov-Botvinnik Attack.} 8. Re1 e6 9. Bg5 Be7 {[%emt 0:00:07] The position is equal.} 10. Nbd2 O-O 11. b4 $146 (11. Qc2 h6 12. Bh4 Bxf3 13. Nxf3 Rac8 14. Bg3 Bd6 15. Qe2 Nh5 16. Bxd6 Qxd6 17. g3 g6 18. Rad1 Rfe8 19. Bb1 Qf8 20. h4 Ng7 21. Ne5 Nxe5 {½-½ Vrkota,M (2082)-Hajek,J (2024) Pardubice Region-chT 2223 2022 (9.1)}) 11... Rfc8 12. a4 Ne8 {[%emt 0:04:28] [#]} 13. Qb1 {[%emt 0:10:07] A sharp opening} h6 14. Bxe7 Nxe7 {[%emt 0:00:28][%csl Oc3] Black attacks a weakness} 15. Ra3 Nd6 16. Ne5 Bf5 17. g4 Bxd3 18. Qxd3 Nc6 19. Nef3 Qe7 20. Re3 Rc7 21. Ra1 Rac8 22. Kh1 (22. h3 $17) 22... Qf6 $19 23. Rg1 Ne7 {[%emt 0:01:45] Black has strong rooks and is better} 24. Qc2 Nc4 $2 (24... h5 $19 {and Black stays clearly on top. ...hxg4 is the strong threat.} 25. h3 Ng6) 25. Nxc4 $17 Rxc4 ({Much worse is} 25... dxc4 26. Ne5 $11) 26. Qd2 {[%emt 0:00:29] [#]} ({Avoid the trap} 26. Ne5 $2 Rxd4 27. Qe2 Rf4 $19) 26... Qf4 27. Ne5 $2 {[%emt 0:01:39] This move loses the game for White.} (27. Rg3 $17) 27... Rxc3 $1 $19 28. Rgg3 $2 (28. Re2 Qxd2 29. Rxd2) 28... Rc2 {[%emt 0:01:09] Black is clearly winning.} 29. Qd3 Qxf2 30. Nf3 Rc1+ 31. Rg1 Rxg1+ (31... R8c2 $142 32. Qxc2 Rxc2 (32... Qxc2 $2 33. Ne5 $19)) 32. Nxg1 Rc2 33. Re2 Rxe2 34. Qxe2 Qxd4 35. Nf3 Qxg4 {[%emt 0:00:58] Weighted Error Value: White=0.82/Black=0.50  Loses game:     	White=1     	---        Missed win:     	---       	Black=1      Mistake:       	White=2     	---        Inaccurate:     	White=6     	---        OK:         	White=1     	Black=12     Best:        	White=1     	---        Strong:       	---       	Black=1} 0-1

[Event "25th Nepal Championship 2025"]
[Site "Hetauda"]
[Date "2025.01.30"]
[Round "8.6"]
[White "Jaiswal, Rupesh"]
[Black "Tandukar, Nabin"]
[Result "1-0"]
[Annotator "TA"]
[ECO "B07"]
[WhiteElo "2093"]
[BlackElo "1920"]
[PlyCount "163"]
[EventDate "2025.01.24"]
[EventType "tourn"]
[EventCountry "NEP"]
[SourceTitle "playchess.com"]
[Source "ChessBase"]
[SourceQuality "1"]
[TimeControl "5400+30"]

1. d4 Nf6 2. Bf4 d6 3. Nc3 g6 4. e4 Bg7 5. Qd2 h6 (5... O-O $11 {remains equal.}) 6. O-O-O $16 {[%emt 0:00:16] B07: Pirc Defence: Miscellaneous Systems.} Nbd7 7. e5 Nh5 8. Be3 $146 {[%emt 0:00:22] White is better.} (8. e6 fxe6 9. Bd3 Kf7 10. Nh3 c6 11. Qe2 Nf8 12. Rhe1 Qa5 13. Bd2 Qb6 14. Qf3+ {0-1 Melillo,L (2274)-Brozyna,M (2259) Titled Tuesday intern op 23rd Apr Late blitz 2024 (6)}) 8... dxe5 9. dxe5 Bxe5 10. Nf3 (10. Bxh6 $2 Rxh6 11. Kb1 Bf4 $19) 10... Bg7 11. Bc4 {[%emt 0:03:38] White is much more active. The black rooks are passive.} Nhf6 (11... e6 $16) 12. Rhe1 $18 c6 {[%emt 0:00:28] [#]} 13. Ne5 $1 Nd5 14. Nxd7 (14. Nxc6 $18 bxc6 15. Nxd5) 14... Bxc3 $14 15. bxc3 {[%emt 0:04:40] A sharp opening} Bxd7 (15... Nxe3 $2 16. Nf6+ (16. Qxe3 Bxd7 17. Rd6 b5 $16) 16... Kf8 17. Qxd8+ $18) 16. Bxd5 (16. Bxh6 Qa5 17. Bg7 Rh7 (17... Rxh2 18. Rxe7+ Kxe7 19. Qg5+ Ke8 20. Qe5+ Be6 21. Qxh2 $14)) 16... cxd5 {[%emt 0:00:00] Black is weak on the dark squares} 17. Qxd5 (17. Bxh6 $6 Be6 $11) 17... Qc7 {[%emt 0:00:00][%csl LRc3,LRh2][%cal Od7e6] Against Qe5} 18. Qd4 Rh7 19. Bf4 Qc6 20. Re5 (20. Bb8 $5) 20... Qa4 21. Qb4 Qxb4 22. cxb4 f6 23. Rc5 e5 24. Be3 Bc6 25. f3 Rd7 26. Rxd7 Bxd7 $11 {[%emt 0:00:00][%mdl 4096] Endgame KRB-KRB} 27. Rc7 b6 28. Bxh6 Kd8 29. Rc3 Rc8 30. Rd3 Ke7 31. Be3 Bf5 32. Rd2 Rc4 33. a3 Rc3 34. Re2 Rxa3 35. Kb2 Ra4 36. Kb3 Ra1 37. Kb2 Ra4 38. Bd2 Be6 39. Bc3 Ra2+ 40. Kb1 Ra3 41. Kb2 Ra2+ 42. Kc1 a5 43. bxa5 bxa5 44. Kb1 Ra3 45. Re3 Ra4 46. Kc1 Kd6 47. Bb2 Rc4 48. Ba3+ Kd7 49. Rd3+ Kc7 50. Be7 Bf5 51. Rd2 Rd4 (51... e4 $11) 52. Rxd4 $14 exd4 53. Bxf6 {[%emt 0:00:55] KB-KB. White is a pawn up.} Kc6 ({Better is} 53... a4 $14) 54. Bxd4 $18 Kd5 55. Bb2 Kc4 (55... Bc8 $16 56. Kd2 Bd7) 56. Kd2 Bd7 57. h4 Bc6 (57... Kd5 $142 58. Bc3 a4) 58. Ba3 Bb7 $2 {[%emt 0:00:00] [#]} (58... Kd5 $16 {was necessary.} 59. Bb2 a4) 59. Bd6 $2 (59. Ke3 $1 $18 ) 59... a4 $2 (59... Ba6 $16 {is more resistant.} 60. Be5 Bb7) 60. Ba3 Bc6 $2 (60... Bc8 61. Bc1 Ba6) 61. Be7 $2 (61. Ke3 $18 {and the rest is easy. and Kf4 would now be decisive} Kc3 62. Kf4) 61... Bb7 $2 {[%emt 0:00:00][%mdl 8192] [#] Loses the game.} (61... Bb5 $16 62. Ba3 Kd5) 62. Ke3 $1 Kd5 63. Kf4 Ke6 64. Ba3 Ba6 $2 (64... Bd5 65. Kg5 Kf7) 65. Kg5 Kf7 66. g4 Be2 67. f4 Bd1 68. c4 Bb3 69. c5 Bd5 70. h5 gxh5 71. Kxh5 Bf3 72. Kg5 Ke6 73. f5+ Kd5 74. f6 {[%emt 0:00:55] White mates.} Ke6 75. Kg6 Bxg4 76. f7 Bh5+ 77. Kxh5 Kxf7 78. Kg5 Ke6 79. Kf4 Kd5 80. Kf5 Kc4 81. c6 Kb3 82. Bd6 {[%emt 0:00:08] Weighted Error Value: White=0.19 (very precise) /Black=0.33  Loses game:     	---       	Black=3      Missed win:     	White=2     	---        Mistake:       	White=1     	Black=7      Inaccurate:     	White=4     	Black=4      OK:         	White=28    	Black=20     Best:        	White=2     	Black=2      Strong:       	White=1     	---} 1-0